 Dungeon Crawl Stone Soup version 0.30-a0-462-gd5975efbca (webtiles) character file.

Game seed: 7873577457605242723

37 NinjaNoafa the Magician (level 3, 0/27 HPs)
             Began as a Djinni Fire Elementalist on Dec 16, 2022.
             Was a Follower of Uskayaw.
             Killed themself with a badly aimed concussive blast (1 damage)
             ... on level 2 of the Dungeon.
             The game lasted 00:03:18 (1225 turns).

NinjaNoafa the Magician (Djinni Fire Elementalist)  Turns: 1225, Time: 00:03:18

Health: 0/27       AC:  2    Str:  7    XL:     3   Next: 62%
Gold:   55         EV: 12    Int: 18    God:    Uskayaw [*.....] SH:  0 Dex: 13

rFire   + + .      SeeInvis .    b - +0 dagger
rCold   x . .      Faith    .    (no shield)
rNeg    . . .      Spirit   .    a - +0 robe
rPois   ∞          Reflect  .    (no helmet)
rElec   .          Harm     .    (no cloak)
rCorr   .          Rampage  .    (no gloves)
Will    .....                    (boots unavailable)
Stlth   ++........               (no amulet)
HPRegen 0.24/turn                (no ring)
MPRegen 0.00/turn                (no ring)

@: flying
A: sickness immunity, fire resistance 2, cold vulnerability 1, float, innate
caster, HP casting, extra vitality 1
a: Renounce Religion, Stomp


You were on level 2 of the Dungeon.
You worshipped Uskayaw.
Uskayaw was noncommittal.
You visited 1 branch of the dungeon, and saw 2 of its levels.

You collected 68 gold pieces.
You spent 13 gold pieces at shops.

Inventory:

Hand Weapons
 b - a +0 dagger (weapon)
Missiles
 c - 24 stones
Armour
 a - a +0 robe (worn)
Scrolls
 d - a scroll of identify {unknown}
Potions
 e - a potion of heal wounds {unknown}
 f - a potion of experience {unknown}
 g - a potion of curing {unknown}
 h - a potion of degeneration
 i - 2 potions of attraction {unknown}
 j - a potion of mutation {unknown}


   Skills:
 + Level 1.4 Fighting
 - Level 2.1 Dodging
 - Level 1.5 Stealth
 * Level 3.1 Spellcasting


You couldn't memorise any spells.
You knew the following spells:

 Your Spells              Type           Power      Damage    Failure   Level
a - Foxfire               Conj/Fire      56%        2x1d6     4%          1
b - Scorch                Fire           28%        2d6       7%          2
c - Kindle Blastsparks    Fire/Tloc/Air  28%        2d12      13%         3
d - Inner Flame           Hex/Fire       14%        N/A       13%         3
e - Flame Wave            Conj/Fire      14%        2d6       41%         4
f - Shock                 Conj/Air       56%        1d6       4%          1
Your spell library was empty.

Dungeon Overview and Level Annotations

Branches:
Dungeon (2/15)

Altars:
Uskayaw

Shops:
D:1 !

Annotations:
D:2 Terence


Innate Abilities, Weirdness & Mutations

You are immune to sickness and miasma.
You are immune to poison.
Your flesh is very heat resistant. (rF++)
You are vulnerable to cold. (rC-)
You float through the air rather than walking.
You learn spells naturally, not from books.
Your magical power is your life essence.
You have superior vitality. (+4 MHP)


Message History

Casting: Foxfire (safe; 4% risk of failure)
Confirm with . or Enter, or press ? or * to list all spells.
You conjure some foxfire!
Terence zaps a wand.
The puff of flame hits you. You resist.
Casting: Foxfire (safe; 4% risk of failure)
Confirm with . or Enter, or press ? or * to list all spells.
You conjure some foxfire!
The foxfire hits Terence.
Terence is lightly wounded.
Casting: Foxfire (safe; 4% risk of failure)
Confirm with . or Enter, or press ? or * to list all spells.
You conjure some foxfire!
The foxfire hits Terence but does no damage.
Terence is lightly wounded.
Casting: Foxfire (safe; 4% risk of failure)
Confirm with . or Enter, or press ? or * to list all spells.
You conjure some foxfire!
Your foxfire dissipates!
The foxfire hits Terence.
Terence is lightly wounded.
Casting: Foxfire (safe; 4% risk of failure)
Confirm with . or Enter, or press ? or * to list all spells.
Aiming: Inner Flame (quite dangerous; 13% risk of failure)
Press: ? - help, Dir - move target, f - Terence
Aim: Terence, wielding a +0 flail, wearing a +0 scale mail and carrying a wand of flame (9) (lightly wounded, ally target, chance to affect: 75%) Terence is filled with an inner flame.
The foxfire hits Terence but does no damage.
Terence is lightly wounded.
Casting: Inner Flame (quite dangerous; 13% risk of failure)
Confirm with . or Enter, or press ? or * to list all spells.
A cloud of volatile blastsparks flares up around you!
Terence hits you with a +0 flail!
* * * LOW HITPOINT WARNING * * *
Your foxfire dissipates!
Terence zaps a wand.
The puff of flame hits you. You resist.
* * * LOW HITPOINT WARNING * * *
The cloud of blastsparks explodes!
The concussive blast engulfs Terence!
Flame seeps out of Terence.
Terence is almost dead.
The concussive blast engulfs you. You resist.
You die...

### ### .....#
#.#.# # ## #@.#
#.#.###.##
####.##.#§@.####
...............+
##........####
####.##.##
#.########
#.#......#
#.#.####.# #+#
#.#.## #.# #.#
#....# #.# #.#


You could see Terence (inner flame).

Vanquished Creatures
  3 dart slugs (D:1)
  2 bats (D:1)
  3 endoplasms (D:1)
  A giant cockroach (D:1)
  3 goblins (D:1)
  3 hobgoblins (D:1)
  2 jackals (D:1)
  2 kobolds (D:1)
  3 quokkas (D:1)
  2 ball pythons (D:1)
  2 frilled lizards
  2 rats (D:1)
28 creatures vanquished.

Vanquished Creatures (others)
  78 foxfires
78 creatures vanquished.

Grand Total: 106 creatures vanquished

Notes
Turn   | Place    | Note
-------+----------+-------------------------------------------
     0 | D:1      | NinjaNoafa the Djinni Fire Elementalist began the quest for
                  | the Orb.
     0 | D:1      | NinjaNoafa set off with the following spells memorised:
                  | Foxfire, Scorch, Kindle Blastsparks, Inner Flame, Flame
                  | Wave.
     0 | D:1      | Reached XP level 1. HP: 15/15 MP: 0/0
    35 | D:1      | Reached XP level 2. HP: 10/22 MP: 0/0
   268 | D:1      | Found Zoidiamo's Distillery.
   281 | D:1      | Bought a potion of degeneration for 13 gold pieces
   296 | D:1      | Reached skill level 1 in Fighting
   512 | D:1      | Reached XP level 3. HP: 24/27 MP: 0/0
   512 | D:1      | Learned a level 1 spell: Shock
   514 | D:1      | Reached skill level 3 in Spellcasting
   621 | D:1      | Found a faded altar of an unknown god.
  1091 | D:1      | Prayed at the altar of an unknown god.
  1091 | D:1      | Became a worshipper of Uskayaw the Reveller
  1091 | D:1      | Reached * piety under Uskayaw
  1218 | D:2      | Noticed Terence
  1225 | D:2      | HP: 1/27 [Terence/puff of flame (3)]
  1225 | D:2      | Killed themself with a badly aimed concussive blast

Illustrated notes

Levels and vault maps discovered:
D:1:      grunt_arrival_crossed_arrows, layout_loops_ring, serial_shops, shop,
          hellmonk_ecumenical_altar_leap_of_faith, minmay_liquid_box,
          st_stairs_5, minmay_tree_intersection, item_on_display_a
D:2:      layout_loops_corners, small_statue_intersection, uniq_natasha,
          uniq_terence

Skill      XL: |  1  2  3 |
---------------+----------+-----
Fighting       | 1 |  1.4
Spellcasting   | 3 |  3.1
Dodging        | |  2.1
Stealth        | |  1.5

Action                   || total
-------------------------++-------
Melee: Dagger            ||     2
 Cast: Foxfire           ||    57
       Scorch            ||     4
       Shock             ||    11
       Inner Flame       ||     1
       Kindle Blastspark ||     1
Armor: Robe              ||     2
Dodge: Dodged            ||    14

Table legend: (Time is in decaauts)
 A = Elapsed time spent in this place.
 B = Non-inter-level travel time spent in this place.
 C = Inter-level travel time spent in this place.
 D = Time resting spent in this place.
 E = Time spent auto-exploring this place.
 F = Levels seen in this place.
 G = Mean time per level.
                   A        B        C        D        E       F      G
               +--------+--------+--------+--------+--------+-----+--------+
         Total |   1224 |   1153 |     71 |      0 |    966 |   2 |  612.0 |
       Dungeon |   1224 |   1153 |     71 |      0 |    966 |   2 |  612.0 |
               +--------+--------+--------+--------+--------+-----+--------+

Top non-repeatable levels by time:
     D:1: 1137 daAuts
     D:2: 86 daAuts
